TOP OF THE 1ST |
Arizona State University Sun Devils batting - Pitching for Oregon State University Beavers : LHP Mark Sander
|
Pitching: LHP Mark Sander
|
|
Batting: LHB Eric Russell
|
0-0: Ball 1-0: Ball 2-0: Called Strike 2-1: Ball 3-1: Fly out, F8 (Flyball, 89S, EV 88.8 MPH)
|
Batting: RHB Rusty Gee
|
0-0: Ball 1-0: Swinging Strike 1-1: Ground out 3-1 (Groundball, 13, EV 83.1 MPH)
|
Batting: LHB Randy Marquez
|
0-0: Ball 1-0: Fly out, F8 (Flyball, 78M, EV 85.0 MPH)
|
Top of the 1st over - 0 runs, 0 hits, 0 errors, 0 left on base; Arizona State University 0 - Oregon State University 0 |
BOTTOM OF THE 1ST |
Oregon State University Beavers batting - Pitching for Arizona State University Sun Devils : RHP Sho Fukumoto
|
Pitching: RHP Sho Fukumoto
|
|
Batting: SHB Sosaia Apelahama
|
0-0: Ball 1-0: Called Strike 1-1: Foul Ball, location: 2F 1-2: Ball 2-2: Foul Ball, location: 2F 2-2: Foul Ball, location: 2F 2-2: Ball 3-2: Strikes out swinging
|
Batting: LHB Pablo Fraga
|
0-0: Ball 1-0: Called Strike 1-1: Ball 2-1: Called Strike 2-2: Strikes out swinging
|
Batting: RHB Steve Webb
|
0-0: Ball 1-0: Ball 2-0: Foul Ball, location: 2F 2-1: Ball 3-1: Base on Balls
|
Batting: RHB Martin Darrington
|
0-0: Fly out, F8 (Flyball, 78M, EV 93.8 MPH)
|
Bottom of the 1st over - 0 runs, 0 hits, 0 errors, 1 left on base; Arizona State University 0 - Oregon State University 0 |
TOP OF THE 2ND |
Arizona State University Sun Devils batting - Pitching for Oregon State University Beavers : LHP Mark Sander
|
Batting: RHB Martin Boyle
|
0-0: Called Strike 0-1: Ball 1-1: Ball 2-1: Called Strike 2-2: Ground out 6-3 (Groundball, 6, EV 101.9 MPH)
|
Batting: RHB John Burgis
|
0-0: Ball 1-0: Called Strike 1-1: Ball 2-1: Fly out, F9 (Flyball, 9S, EV 95.6 MPH)
|
Batting: LHB Dustin Gill
|
0-0: Ball 1-0: Swinging Strike 1-1: Called Strike 1-2: Foul Ball, location: 2F 1-2: Ground out 5-3 (Groundball, 56, EV 84.4 MPH)
|
Top of the 2nd over - 0 runs, 0 hits, 0 errors, 0 left on base; Arizona State University 0 - Oregon State University 0 |
BOTTOM OF THE 2ND |
Oregon State University Beavers batting - Pitching for Arizona State University Sun Devils : RHP Sho Fukumoto
|
Batting: LHB Jon Hamilton
|
0-0: Swinging Strike 0-1: Swinging Strike 0-2: Strikes out swinging, 2-3 out at first.
|
Batting: RHB Israel Soto
|
0-0: Called Strike 0-1: Ball 1-1: Fly out, F8 (Flyball, 89M, EV 89.4 MPH)
|
Batting: LHB Brock Darby
|
0-0: Foul Ball, location: 2F 0-1: Called Strike 0-2: Ground out 4-3 (Groundball, 34D, EV 93.1 MPH)
|
Bottom of the 2nd over - 0 runs, 0 hits, 0 errors, 0 left on base; Arizona State University 0 - Oregon State University 0 |
TOP OF THE 3RD |
Arizona State University Sun Devils batting - Pitching for Oregon State University Beavers : LHP Mark Sander
|
Batting: RHB Jun-hyuk Leem
|
0-0: Ground out 5-3 (Groundball, 56, EV 98.8 MPH)
|
Batting: RHB Carl Evans
|
0-0: Ball 1-0: Ball 2-0: Ball 3-0: Called Strike 3-1: Ground out 4-3 (Groundball, 34, EV 93.8 MPH)
|
Batting: LHB Timon Giorgiou
|
0-0: Called Strike 0-1: Ball 1-1: Foul Ball, location: 2F 1-2: Ball 2-2: Ball 3-2: Fly out, F7 (Flyball, 7LS, EV 92.5 MPH)
|
Top of the 3rd over - 0 runs, 0 hits, 0 errors, 0 left on base; Arizona State University 0 - Oregon State University 0 |
BOTTOM OF THE 3RD |
Oregon State University Beavers batting - Pitching for Arizona State University Sun Devils : RHP Sho Fukumoto
|
Batting: SHB Eric Robertson
|
0-0: Bunted foul 0-1: Swinging Strike 0-2: Ball 1-2: Ball 2-2: Ground out 5-3 (Groundball, 56, EV 103.1 MPH)
|
Batting: SHB Chris Gartner
|
0-0: Called Strike 0-1: Swinging Strike 0-2: Foul Ball, location: 2F 0-2: Ball 1-2: Ball 2-2: Strikes out swinging
|
Batting: SHB Sosaia Apelahama
|
0-0: Ball 1-0: Ball 2-0: Ball 3-0: Base on Balls
|
Batting: LHB Pablo Fraga
|
0-0: Ball 1-0: Ball 2-0: Hit by Pitch Sosaia Apelahama to second
|
Batting: RHB Steve Webb
|
0-0: Called Strike 0-1: Ball 1-1: Swinging Strike 1-2: Foul Ball, location: 2F 1-2: Ball 2-2: Foul Ball, location: 2F 2-2: Ball 3-2: Fly out, F7 (Flyball, 7LSF, EV 89.4 MPH)
|
Bottom of the 3rd over - 0 runs, 0 hits, 0 errors, 2 left on base; Arizona State University 0 - Oregon State University 0 |
TOP OF THE 4TH |
Arizona State University Sun Devils batting - Pitching for Oregon State University Beavers : LHP Mark Sander
|
Batting: LHB Eric Russell
|
0-0: Ball 1-0: Called Strike 1-1: Ball 2-1: Ball 3-1: Base on Balls
|
Batting: RHB Rusty Gee
|
0-0: Called Strike 0-1: Swinging Strike 0-2: Strikes out swinging
|
Batting: LHB Randy Marquez
|
0-0: Ball Eric Russell is caught stealing 2nd base 2-6 1-0: Ball 2-0: Ball 3-0: Base on Balls
|
Batting: RHB Martin Boyle
|
0-0: Called Strike 0-1: Ball 1-1: Called Strike 1-2: Foul Ball, location: 2F 1-2: Ball 2-2: Ball 3-2: Foul Ball, location: 2F 3-2: SINGLE (Flyball, 78S, EV 97.5 MPH) Randy Marquez to second Randy Marquez to third
|
Batting: RHB John Burgis
|
0-0: Ball 1-0: Ball 2-0: Foul Ball, location: 2F 2-1: SINGLE (Line Drive, 56D, EV 98.1 MPH) Randy Marquez scores Martin Boyle to second
|
Batting: LHB Dustin Gill
|
0-0: Called Strike 0-1: Ball 1-1: Ball 2-1: SINGLE (Line Drive, 4MD, EV 103.1 MPH) Martin Boyle to third John Burgis to second
|
Batting: RHB Jun-hyuk Leem
|
0-0: Called Strike 0-1: Ball Wild Pitch! Martin Boyle scores John Burgis to third Dustin Gill to second 1-1: Ball 2-1: Foul Ball, location: 2F 2-2: Foul Ball, location: 2F 2-2: Ball 3-2: Ground out 6-3 (Groundball, 6, EV 103.1 MPH)
|
Top of the 4th over - 2 runs, 3 hits, 0 errors, 2 left on base; Arizona State University 2 - Oregon State University 0 |
BOTTOM OF THE 4TH |
Oregon State University Beavers batting - Pitching for Arizona State University Sun Devils : RHP Sho Fukumoto
|
Batting: RHB Martin Darrington
|
0-0: Ball 1-0: Foul Ball, location: 2F 1-1: Foul Ball, location: 2F 1-2: DOUBLE (Popup, 6MD, EV 50.0 MPH)
|
Pinch Runner at 2nd Fred Bal:
|
|
Batting: LHB Jon Hamilton
|
0-0: Swinging Strike 0-1: Ball 1-1: Ball 2-1: Ground out 6-3 (Groundball, 6M, EV 109.4 MPH) Fred Bal to third
|
Batting: RHB Israel Soto
|
0-0: Called Strike 0-1: Ball 1-1: Swinging Strike 1-2: Ball 2-2: Foul Ball, location: 2F 2-2: Ball 3-2: Foul Ball, location: 2F 3-2: Fly out, F9 (Flyball, 9, EV 90.0 MPH)
|
Batting: LHB Brock Darby
|
0-0: Ball 1-0: Foul Ball, location: 2F 1-1: Ball 2-1: Ball 3-1: Foul Ball, location: 2F 3-2: Ground out U3 (Groundball, 3, EV 86.2 MPH)
|
Bottom of the 4th over - 0 runs, 1 hit, 0 errors, 1 left on base; Arizona State University 2 - Oregon State University 0 |
TOP OF THE 5TH |
Arizona State University Sun Devils batting - Pitching for Oregon State University Beavers : LHP Mark Sander
|
Now in LF: Fred Bal
|
|
Batting: RHB Carl Evans
|
0-0: Ball 1-0: Ball 2-0: Ball 3-0: Called Strike 3-1: Called Strike 3-2: Strikes out swinging
|
Pitching: RHP Larry Dougan
|
|
Batting: LHB Timon Giorgiou
|
0-0: Ball 1-0: Swinging Strike 1-1: Swinging Strike 1-2: Ball 2-2: Foul Ball, location: 2F 2-2: Ground out 4-3 (Groundball, 34, EV 109.4 MPH)
|
Batting: LHB Eric Russell
|
0-0: Fly out, F7 (Flyball, 7S, EV 91.2 MPH)
|
Top of the 5th over - 0 runs, 0 hits, 0 errors, 0 left on base; Arizona State University 2 - Oregon State University 0 |
BOTTOM OF THE 5TH |
Oregon State University Beavers batting - Pitching for Arizona State University Sun Devils : RHP Sho Fukumoto
|
Pitching: LHP Tony Garcia
|
|
Batting: SHB Eric Robertson
|
0-0: Called Strike 0-1: Ball 1-1: Bunt missed! 1-2: Ball 2-2: Strikes out swinging
|
Batting: SHB Chris Gartner
|
0-0: Called Strike 0-1: Ball 1-1: Ball 2-1: Ball 3-1: Foul Ball, location: 2F 3-2: Strikes out swinging
|
Batting: SHB Sosaia Apelahama
|
0-0: Swinging Strike 0-1: Ball 1-1: Ball 2-1: Foul Ball, location: 2F 2-2: Foul Ball, location: 2F 2-2: Ball 3-2: Ground out 4-3 (Groundball, 4, EV 86.9 MPH)
|
Bottom of the 5th over - 0 runs, 0 hits, 0 errors, 0 left on base; Arizona State University 2 - Oregon State University 0 |
TOP OF THE 6TH |
Arizona State University Sun Devils batting - Pitching for Oregon State University Beavers : RHP Larry Dougan
|
Batting: RHB Rusty Gee
|
0-0: Ball 1-0: Ball 2-0: Swinging Strike 2-1: Called Strike 2-2: Ball 3-2: Fly out, F5 (Popup, 25, EV 91.9 MPH)
|
Batting: LHB Randy Marquez
|
0-0: Ball 1-0: Ball 2-0: Foul Ball, location: 2F 2-1: Fly out, F7 (Flyball, 7, EV 89.4 MPH)
|
Batting: RHB Martin Boyle
|
0-0: Called Strike 0-1: Ball 1-1: Ball 2-1: Foul Ball, location: 2F 2-2: Ball 3-2: Base on Balls
|
Batting: RHB John Burgis
|
0-0: Called Strike 0-1: SINGLE (Line Drive, 8RS, EV 100.0 MPH) Martin Boyle to second
|
Batting: LHB Dustin Gill
|
0-0: Called Strike 0-1: Ball 1-1: Ball 2-1: Foul Ball, location: 2F 2-2: DOUBLE (Flyball, 78XD, EV 112.5 MPH) Martin Boyle scores John Burgis to third
|
Batting: RHB Jun-hyuk Leem
|
0-0: Foul Ball, location: 2F 0-1: Called Strike 0-2: Strikes out swinging
|
Top of the 6th over - 1 run, 2 hits, 0 errors, 2 left on base; Arizona State University 3 - Oregon State University 0 |
BOTTOM OF THE 6TH |
Oregon State University Beavers batting - Pitching for Arizona State University Sun Devils : LHP Tony Garcia
|
Batting: LHB Pablo Fraga
|
0-0: Ball 1-0: Ball 2-0: Foul Ball, location: 2F 2-1: Ball 3-1: Base on Balls
|
Batting: RHB Steve Webb
|
0-0: Called Strike 0-1: Ball 1-1: Ball 2-1: Foul Ball, location: 2F 2-2: Foul Ball, location: 2F 2-2: SINGLE (Groundball, 6MD, EV 96.9 MPH) Pablo Fraga to second Runner from 2nd tries for 3rd, SAFE, throw by CF made to third
|
Batting: LHB Fred Bal
|
0-0: Called Strike 0-1: Called Strike 0-2: Ball 1-2: Ball Wild Pitch! Pablo Fraga scores Steve Webb to second 2-2: Fly out, F5 (Line Drive, 5L, EV 68.8 MPH)
|
Batting: LHB Jon Hamilton
|
0-0: Ball 1-0: Ball 2-0: Ball 3-0: Called Strike 3-1: Base on Balls
|
Batting: RHB Israel Soto
|
0-0: Called Strike 0-1: Ball 1-1: Foul Ball, location: 2F 1-2: SINGLE (Groundball, 56D, EV 97.5 MPH) Steve Webb to third Jon Hamilton to second Runner from 3rd tries for Home, SAFE, throw by LF to home
|
Batting: LHB Brock Darby
|
0-0: Ball 1-0: Fly out, F5 (Popup, 15, EV 76.9 MPH)
|
Batting: SHB Eric Robertson
|
0-0: Ball 1-0: Ball 2-0: Foul Ball, location: 2F 2-1: Fly out, F8 (Flyball, 8RM, EV 95.6 MPH)
|
Bottom of the 6th over - 2 runs, 2 hits, 0 errors, 2 left on base; Arizona State University 3 - Oregon State University 2 |
TOP OF THE 7TH |
Arizona State University Sun Devils batting - Pitching for Oregon State University Beavers : RHP Larry Dougan
|
Batting: RHB Carl Evans
|
0-0: Foul Ball, location: 2F 0-1: Foul Ball, location: 2F 0-2: Ball 1-2: DOUBLE (Line Drive, 7LM, EV 105.0 MPH)
|
Batting: LHB Timon Giorgiou
|
0-0: Ball 1-0: Ball 2-0: Bunted foul 2-1: Bunted foul 2-2: Ball 3-2: Foul Ball, location: 2F 3-2: Base on Balls
|
Batting: LHB Eric Russell
|
0-0: Reached on error, E1 (Groundball, 15, EV 43.8 MPH) Carl Evans to third Timon Giorgiou to second
|
Batting: RHB Rusty Gee
|
0-0: Foul Ball, location: 2F 0-1: Ball 1-1: Ball 2-1: Grounds into fielders choice 6-2 (Groundball, 6, EV 83.1 MPH) Timon Giorgiou to third Eric Russell to second
|
Pitching: RHP Nick Henry
|
|
Batting: LHB Randy Marquez
|
0-0: Grounds into fielders choice 3-2 (Groundball, 34, EV 90.0 MPH) Eric Russell to third Rusty Gee to second
|
Batting: RHB Martin Boyle
|
0-0: Ball 1-0: Ball 2-0: Ball 3-0: Base on Balls Eric Russell scores Rusty Gee to third Randy Marquez to second
|
Batting: RHB John Burgis
|
0-0: Called Strike 0-1: Ball Wild Pitch! Rusty Gee scores Randy Marquez to third Martin Boyle to second 1-1: Ball 2-1: Foul Ball, location: 2F 2-2: Foul Ball, location: 2F 2-2: Ball 3-2: Base on Balls
|
Batting: LHB Dustin Gill
|
0-0: Ball 1-0: Ball 2-0: Foul Ball, location: 2F 2-1: Ball 3-1: SINGLE (Line Drive, 34D, EV 95.0 MPH) Randy Marquez scores Martin Boyle to third John Burgis to second Runner from 3rd tries for Home, throw by RF and OUT! 9-2
|
Top of the 7th over - 3 runs, 2 hits, 1 error, 2 left on base; Arizona State University 6 - Oregon State University 2 |
BOTTOM OF THE 7TH |
Oregon State University Beavers batting - Pitching for Arizona State University Sun Devils : LHP Tony Garcia
|
Pitching: RHP Joe Ledrew
|
|
Batting: SHB Chris Gartner
|
0-0: Ball 1-0: Foul Ball, location: 2F 1-1: SINGLE (Line Drive, 9LS, EV 90.6 MPH)
|
Batting: SHB Sosaia Apelahama
|
0-0: Foul Ball, location: 2F 0-1: Ball 1-1: Ball 2-1: Sac Bunt to P - play at first, batter OUT! 1-3 Chris Gartner to second
|
Batting: LHB Pablo Fraga
|
0-0: Ball 1-0: Ball 2-0: Ground out U3 (Groundball, 34, EV 83.8 MPH) Chris Gartner to third
|
Batting: RHB Steve Webb
|
0-0: Called Strike 0-1: Foul Ball, location: 2F 0-2: Strikes out swinging
|
Bottom of the 7th over - 0 runs, 1 hit, 0 errors, 1 left on base; Arizona State University 6 - Oregon State University 2 |
TOP OF THE 8TH |
Arizona State University Sun Devils batting - Pitching for Oregon State University Beavers : RHP Nick Henry
|
Pitching: RHP Daniel Brown
|
|
Batting: RHB Jun-hyuk Leem
|
0-0: Foul Ball, location: 2F 0-1: Foul Ball, location: 2F 0-2: Ball 1-2: Ball 2-2: Foul Ball, location: 2F 2-2: Ball 3-2: Reached on error, E5 (Groundball, 56S, EV 92.5 MPH)
|
Batting: RHB Carl Evans
|
0-0: Called Strike 0-1: Ball 1-1: Fly out, F9 (Flyball, 9, EV 93.1 MPH)
|
Batting: LHB Timon Giorgiou
|
0-0: Ball 1-0: Ball 2-0: Called Strike 2-1: Ball 3-1: Base on Balls Jun-hyuk Leem to second
|
Batting: LHB Eric Russell
|
0-0: Ball 1-0: Fly out, F4 (Line Drive, 4, EV 65.6 MPH)
|
Batting: RHB Rusty Gee
|
0-0: Ball 1-0: Called Strike 1-1: Ground out 2-3 (Groundball, 2L, EV 63.1 MPH)
|
Top of the 8th over - 0 runs, 0 hits, 1 error, 2 left on base; Arizona State University 6 - Oregon State University 2 |
BOTTOM OF THE 8TH |
Oregon State University Beavers batting - Pitching for Arizona State University Sun Devils : RHP Joe Ledrew
|
Batting: LHB Fred Bal
|
0-0: Ball 1-0: Ground out 6-3 (Groundball, 6, EV 83.1 MPH)
|
Batting: LHB Jon Hamilton
|
0-0: Ball 1-0: Called Strike 1-1: Ball 2-1: Foul Ball, location: 2F 2-2: Ball 3-2: Fly out, F7 (Flyball, 7, EV 90.0 MPH)
|
Batting: RHB Israel Soto
|
0-0: Called Strike 0-1: Swinging Strike 0-2: Foul Ball, location: 2F 0-2: Foul Ball, location: 2F 0-2: Strikes out swinging
|
Bottom of the 8th over - 0 runs, 0 hits, 0 errors, 0 left on base; Arizona State University 6 - Oregon State University 2 |
TOP OF THE 9TH |
Arizona State University Sun Devils batting - Pitching for Oregon State University Beavers : RHP Daniel Brown
|
Batting: LHB Randy Marquez
|
0-0: Ball 1-0: Fly out, F8 (Flyball, 8LD, EV 102.5 MPH)
|
Batting: RHB Martin Boyle
|
0-0: Ball 1-0: Ball 2-0: Called Strike 2-1: Called Strike 2-2: Strikes out swinging
|
Batting: RHB John Burgis
|
0-0: Ball 1-0: Called Strike 1-1: Ball 2-1: Called Strike 2-2: Ball 3-2: Ground out 6-3 (Groundball, 6, EV 103.1 MPH)
|
Top of the 9th over - 0 runs, 0 hits, 0 errors, 0 left on base; Arizona State University 6 - Oregon State University 2 |
BOTTOM OF THE 9TH |
Oregon State University Beavers batting - Pitching for Arizona State University Sun Devils : RHP Joe Ledrew
|
Batting: LHB Brock Darby
|
0-0: Foul Ball, location: 2F 0-1: Ball 1-1: Foul Ball, location: 2F 1-2: Foul Ball, location: 2F 1-2: Ball 2-2: Foul Ball, location: 2F 2-2: Foul Ball, location: 2F 2-2: Ball 3-2: Ground out 5-3 (Groundball, 56, EV 85.6 MPH)
|
Pinch Hitting: LHB Jason Trevarrow
|
0-0: Foul Ball, location: 2F 0-1: Foul Ball, location: 2F 0-2: Ball 1-2: Ground out 4-3 (Groundball, 4, EV 80.0 MPH)
|
Batting: SHB Chris Gartner
|
0-0: Ball 1-0: Ground out 4-3 (Groundball, 4, EV 111.2 MPH)
|
Bottom of the 9th over - 0 runs, 0 hits, 0 errors, 0 left on base; Arizona State University 6 - Oregon State University 2 |
|